Map: [ESL] Goldenaura

Players

Nanami - Winner!

  • Race: Protoss Protoss
  • Spawn Location: 12:00

Firefly

  • Race: Protoss Protoss
  • Spawn Location: 5:00

Event: ESL SC2 Masters 2024 Spring (Regional)

VOD

Have the link to the VOD?

Description

Time

  • Played on: April 26, 2024, 8:10 a.m.
  • Length: 13:15

All games in this series

Show
View Real Time Build Order
Export as new Build Order

Nanami Protoss - Winner!

Build Orders: Phoenix Opening, Blink Stalkers 

Get SALT Encoding   

  12  0:00  Probe  
  13  0:12  Probe  
  14  0:17  Pylon  
  14  0:24  Probe (Chrono Boost)  
  16  0:36  Probe (Chrono Boost)  
  16  0:37  Gateway  
  16  0:43  Probe (Chrono Boost)  
  16  0:45  Assimilator  
  17  0:51  Probe  
  17  0:56  Assimilator  
  18  1:03  Probe (Chrono Boost)  
  19  1:08  Gateway  
  19  1:12  Probe (Chrono Boost)  
  19  1:17  Probe (Chrono Boost)  
  21  1:26  Cybernetics Core  
  21  1:30  Probe  
  22  1:37  Pylon  
  22  1:42  Probe  
  23  1:55  Probe  
  24  2:03  Stalker, Sentry  
  28  2:08  Warp Gate  
  28  2:09  Probe  
  28  2:10  Pylon  
  29  2:21  Pylon  
  28  2:30  Stalker  
  28  2:33  Phoenix  
  30  2:47  Twilight Council  
  30  2:53  Nexus  
  30  2:56  Probe  
  31  3:04  Sentry  
  33  3:08  Probe  
  34  3:14  Blink (Chrono Boost)  
  34  3:20  Probe  
  35  3:32  Probe  
  36  3:35  Gateway  
  36  3:40  Gateway  
  36  3:44  Probe  
  36  3:46  Shield Battery  
  37  3:56  Probe  
  38  4:06  Probe  
  38  4:07  Adept x2  
  38  4:09  Probe  
  44  4:18  Probe  
  44  4:21  Probe  
  46  4:30  Probe  
  46  4:31  Stalker x3  
  49  4:33  Probe  
  54  4:39  Pylon  
  54  4:40  Assimilator  
  54  4:44  Phoenix  
  54  4:54  Charge (Chrono Boost)  
  54  4:55  Pylon  
  54  4:57  Probe x2  
  54  4:59  Pylon  
  56  5:06  Stalker x2  
  60  5:09  Probe x2  
  60  5:12  Stalker  
  60  5:26  Nexus  
  60  5:29  Probe x2  
  60  5:31  Sentry  
  64  5:38  Phoenix  
  64  5:39  Stalker x2  
  64  5:41  Probe  
  69  5:44  Probe  
  69  5:47  Robotics Facility  
  70  5:53  Probe  
  70  5:56  Probe  
  72  6:00  Forge  
  72  6:05  Pylon  
  72  6:06  Probe  
  72  6:08  Probe (Chrono Boost)  
  74  6:18  Pylon, Probe (Chrono Boost)  
  75  6:21  Probe (Chrono Boost)  
  76  6:28  Probe (Chrono Boost), Protoss Ground Weapons Level 1 (Chrono Boost)  
  76  6:29  Probe (Chrono Boost)  
  76  6:32  Gateway  
  78  6:33  Probe (Chrono Boost)  
  78  6:35  Gateway, Probe  
  80  6:41  Stalker x2, Shield Battery  
  80  6:46  Sentry x2  
  88  6:49  Observer (Chrono Boost)  
  88  6:51  Pylon  
  87  7:04  Gateway x2  
  80  7:09  Stalker x2  
  80  7:10  Probe x2  
  80  7:11  Probe  
  80  7:13  Shield Battery  
  84  7:17  Stalker x2  
  84  7:19  Observer  
  84  7:30  Stalker x2  
  84  7:33  Zealot x2  
  84  7:36  Nexus  
  92  7:42  Stalker x2  
  96  7:45  Pylon  
  96  7:46  Probe  
  96  7:47  Probe  
  96  7:49  Probe  
  99  7:59  Probe x2  
  99  8:02  Protoss Ground Weapons Level 2 (Chrono Boost), Zealot x3  
  107  8:07  Templar Archives, Zealot  
  107  8:08  Probe  
  107  8:11  Observer (Chrono Boost), Probe x2  
  113  8:14  Zealot  
  113  8:29  Probe x2  
  113  8:30  Probe  
  116  8:40  Zealot x4  
  124  8:41  Probe  
  124  8:44  Shield Battery  
  125  8:50  Warp Prism (Chrono Boost)  
  125  8:55  Gateway  
  127  8:59  Gateway  
  127  9:01  High Templar x2  
  127  9:02  Zealot x3  
  137  9:06  Archon  
  137  9:07  Zealot  
  137  9:09  Pylon  
  139  9:10  Pylon  
  139  9:15  Pylon  
  139  9:23  Photon Cannon  
  139  9:28  Zealot x5  
  139  9:29  Zealot  
  151  9:46  High Templar x2  
  151  9:48  Pylon  
  151  9:49  Zealot x4  
  151  9:51  Archon  
  163  9:53  Pylon  
  163  9:55  Pylon  
  163  9:56  Pylon  
  163  9:57  Pylon  
  163  9:59  Pylon  
  163  10:03  Zealot  
  163  10:07  Zealot x3  
  163  10:14  Zealot x4  
  159  10:20  Zealot x2  
  135  10:21  Pylon  
  115  10:30  Zealot x4  
  115  10:33  Gateway  
  115  10:34  Protoss Ground Weapons Level 3 (Chrono Boost)  
  123  10:36  Gateway  
  123  10:39  Zealot x2  
  123  10:40  Zealot x2  
  131  10:44  Observer (Chrono Boost)  
  131  10:47  Nexus  
  130  10:53  Zealot x4  
  138  10:59  Pylon  
  138  11:00  Probe x2  
  140  11:07  High Templar x2, Zealot x4  
  138  11:11  Archon  
  138  11:15  Zealot x3  
  138  11:16  Probe x2  
  135  11:21  Zealot  
  135  11:22  Probe  
  135  11:23  Probe  
  131  11:28  Probe x2  
  127  11:33  Immortal (Chrono Boost)  
  127  11:34  Probe  
  127  11:35  Probe  
  125  11:40  Probe  
  125  11:43  Stalker x6  
  134  11:51  Probe x3  
  133  11:56  Zealot x5  
  133  12:01  Zealot  
  145  12:07  Immortal  
  147  12:21  Zealot x2  
  147  12:22  Zealot x8  
  167  12:27  Photon Cannon  
  167  12:29  Observer, Photon Cannon  
  164  12:45  Zealot x2  
  164  12:46  Zealot x7  
  184  12:51  Zealot x3  
Show
View Real Time Build Order
Export as new Build Order

Firefly Protoss 

Build Orders: Phoenix Opening 

Get SALT Encoding   

  12  0:00  Probe  
  13  0:12  Probe  
  14  0:17  Pylon  
  14  0:24  Probe  
  15  0:35  Gateway  
  15  0:38  Probe (Chrono Boost)  
  16  0:47  Probe (Chrono Boost), Assimilator  
  17  0:52  Probe (Chrono Boost)  
  18  0:58  Assimilator  
  18  1:04  Probe (Chrono Boost)  
  18  1:06  Pylon  
  19  1:15  Probe (Chrono Boost)  
  20  1:19  Probe (Chrono Boost)  
  20  1:22  Cybernetics Core  
  21  1:28  Zealot  
  23  1:38  Probe  
  24  1:50  Probe  
  25  1:58  Sentry  
  27  2:01  Warp Gate (Chrono Boost)  
  27  2:12  Probe  
  28  2:15  Pylon  
  28  2:18  Pylon  
  28  2:23  Pylon  
  28  2:24  Sentry  
  28  2:29  Phoenix  
  30  2:33  Nexus  
  30  2:43  Pylon  
  30  2:44  Robotics Facility  
  30  2:48  Probe  
  31  2:52  Shield Battery  
  31  3:00  Probe  
  31  3:02  Gateway  
  31  3:05  Sentry  
  32  3:12  Probe (Chrono Boost)  
  35  3:24  Probe (Chrono Boost)  
  35  3:27  Phoenix  
  36  3:30  Probe (Chrono Boost)  
  36  3:31  Warp Prism  
  39  3:44  Pylon  
  39  3:45  Probe (Chrono Boost)  
  41  3:50  Probe (Chrono Boost)  
  41  3:55  Probe (Chrono Boost)  
  42  3:57  Adept  
  42  3:58  Probe (Chrono Boost)  
  42  4:00  Probe, Adept  
  48  4:07  Observer  
  48  4:08  Probe  
  50  4:12  Probe  
  51  4:21  Stalker x2  
  51  4:22  Probe  
  56  4:35  Probe  
  57  4:39  Probe  
  57  4:40  Pylon  
  57  4:43  Gateway  
  57  4:44  Gateway  
  57  4:53  Stalker x2  
  57  4:57  Pylon  
  61  5:06  Immortal (Chrono Boost)  
  61  5:13  Twilight Council  
  65  5:16  Probe x2  
  67  5:25  Assimilator  
  67  5:28  Probe x2  
  69  5:30  Assimilator  
  69  5:35  Observer  
  69  5:39  Nexus  
  69  5:40  Immortal  
  73  5:46  Forge  
  73  5:48  Blink (Chrono Boost)  
  75  5:51  Probe  
  75  5:53  Probe  
  75  6:03  Probe  
  76  6:05  Pylon, Probe  
  77  6:13  Protoss Ground Weapons Level 1 (Chrono Boost)  
  77  6:15  Probe  
  78  6:20  Pylon  
  78  6:24  Stalker x3  
  85  6:31  Stalker  
  86  6:38  Probe x2  
  88  6:40  Shield Battery  
  88  6:42  Pylon  
  88  6:51  Stalker x3  
  92  7:00  Probe x2  
  94  7:13  Probe  
  94  7:15  Stalker x4  
  90  7:31  Observer (Chrono Boost)  
  90  7:35  Probe x3 (Chrono Boost)  
  94  7:39  Gateway  
  94  7:40  Gateway  
  94  7:42  Charge  
  94  7:43  Gateway  
  94  7:46  Templar Archives  
  94  7:47  Probe (Chrono Boost)  
  94  7:49  Gateway, Adept  
  94  7:50  Pylon, Adept  
  100  7:53  Probe (Chrono Boost)  
  100  7:54  Probe (Chrono Boost)  
  100  7:55  Probe (Chrono Boost)  
  100  7:58  Observer  
  102  7:59  Probe x2 (Chrono Boost)  
  102  8:01  Probe, Protoss Ground Weapons Level 2 (Chrono Boost)  
  102  8:03  Photon Cannon, Assimilator  
  102  8:04  Assimilator  
  106  8:08  Photon Cannon  
  106  8:09  Probe  
  107  8:16  Pylon  
  107  8:36  High Templar x3  
  113  8:41  High Templar  
  113  8:42  Zealot x3  
  113  8:45  Gateway  
  113  8:46  Pylon  
  113  8:47  Archon  
  113  8:48  Nexus  
  121  8:49  Gateway, Zealot  
  121  8:54  Pylon  
  123  9:01  Immortal (Chrono Boost)  
  123  9:08  Shield Battery  
  127  9:11  High Templar x2, Zealot x4  
  127  9:16  Archon, Zealot x2  
  143  9:18  Archon  
  143  9:22  Pylon  
  142  9:39  High Templar x2, Zealot  
  142  9:40  High Templar  
  142  9:44  Archon, High Templar  
  142  9:45  Zealot x2  
  156  9:47  Pylon  
  156  9:49  Pylon  
  156  9:50  Archon  
  156  9:51  Pylon  
  156  9:52  Pylon  
  152  10:11  Zealot x8  
  119  10:28  Zealot x2  
  105  10:33  Protoss Ground Weapons Level 3 (Chrono Boost)  
  105  10:34  High Templar  
  105  10:35  Probe, High Templar x4, Zealot x5  
  109  10:36  Probe x3  
  109  10:38  Assimilator  
  109  10:40  Archon  
  109  10:41  Archon  
  109  10:42  Assimilator  
  107  10:47  Immortal  
  107  10:48  Probe x3  
  114  10:54  Probe  
  114  10:55  Shield Battery  
  114  10:56  Zealot x4  
  114  10:57  High Templar  
  121  11:00  Probe  
  121  11:01  Archon  
  122  11:07  Zealot x5  
  112  11:16  Stalker x3  
  112  11:18  Zealot  
  100  11:29  Stalker x4  
  103  11:34  Stalker x2  
  97  11:41  Stalker x2  
  97  11:42  Probe x2 (Chrono Boost)  
  97  11:43  Probe (Chrono Boost)  
  97  11:44  Probe (Chrono Boost)  
  105  11:50  Stalker x2  
  105  11:51  Observer  
  105  11:53  Probe (Chrono Boost)  
  107  11:55  Probe x3 (Chrono Boost)  
  107  11:58  Probe (Chrono Boost)  
  107  12:00  Shield Battery  
  111  12:01  Probe x2  
  111  12:04  Probe  
  111  12:05  High Templar  
  111  12:06  High Templar  
  111  12:07  Sentry  
  120  12:09  Observer  
  120  12:10  Probe, Zealot, Archon  
  124  12:15  Probe  
  124  12:16  Probe  
  124  12:20  Probe  
  124  12:22  Probe  
  128  12:27  High Templar, Zealot x4  
  128  12:28  High Templar  
  140  12:32  Archon  
  140  12:34  Zealot x2  
  143  12:37  Photon Cannon  
  143  12:43  Dark Shrine  
  143  12:44  Zealot x2  
  147  12:48  Probe x2  
  149  13:04  Nexus  
  146  13:06  Robotics Facility  
Tags
 
Add a new tag
Caveats
  • Supply blocks, unpowered buildings, or Contaminate may cause inaccurate times.
  • Supply counts are checked every 10 seconds.